 Dungeon Crawl Stone Soup version 0.23.0 (webtiles) character file.

Game seed: 6194966730435161694

56 misha the Sneak (level 3, 0/30 HPs)
             Began as a Minotaur Assassin on Feb 16, 2019.
             Killed from afar by Sigmund (6 damage)
             ... with a wand of flame (12)
             ... on level 3 of the Dungeon.
             The game lasted 00:45:41 (3689 turns).

misha the Sneak (Minotaur Assassin)                 Turns: 3689, Time: 00:45:41

Health: 0/30       AC:  2    Str: 16    XL:     3   Next: 71%
Magic:  2/2        EV: 12    Int:  8    God:
Gold:   30         SH:  0    Dex: 11    Spells: 2/2 levels left

rFire    . . .     SeeInvis .   a - +2 dagger
rCold    . . .     Gourm    .   (no shield)
rNeg     . . .     Faith    .   c - +0 robe
rPois    .         Spirit   .   (helmet restricted)
rElec    .         Reflect  .   (no cloak)
rCorr    .         Harm     .   (no gloves)
MR       .....                  (no boots)
Stlth    +.........             (no amulet)
HPRegen  0.10/turn              (no ring)
MPRegen  0.08/turn              (no ring)

@: confused
A: retaliatory headbutt, horns 2
a: no special abilities


You were on level 3 of the Dungeon.
You were not hungry.

You visited 1 branch of the dungeon, and saw 3 of its levels.

You collected 30 gold pieces.

Inventory:

Hand Weapons
 a - a +2 dagger (weapon)
 b - a +0 blowgun
Missiles
 e - 30 poisoned needles
 f - 9 curare-tipped needles
Armour
 c - a +0 robe (worn)
Jewellery
 i - a cursed -3 ring of protection {unknown}
Scrolls
 d - a scroll of blinking {unknown}
 j - a scroll of remove curse {unknown}
 m - a scroll of fog {unknown}
 n - a scroll of identify {unknown}
 o - a scroll of magic mapping
Potions
 h - 3 potions of curing {unknown}
 k - a potion of agility {unknown}
 l - a potion of might {unknown}
Comestibles
 g - 3 rations


   Skills:
 + Level 2.9 Fighting
 + Level 3.0 Short Blades
 + Level 2.0 Throwing
 + Level 1.4 Dodging
 + Level 4.0 Stealth


You had 2 spell levels left.
You didn't know any spells.
Your spell library was empty.

Dungeon Overview and Level Annotations

Branches:
Dungeon (3/15)

Altars:
Ashenzari

Annotations:
D:3 Sigmund


Innate Abilities, Weirdness & Mutations

You reflexively headbutt those who attack you in melee.
You have a pair of horns on your head.


Message History

You're too confused!
You're too confused!
You're too confused!
You're too confused!
Autopickup is now on.
You're too confused!
You're too confused!
You're too confused!
Unknown command.
You're too confused!
You're too confused!
You're too confused!
You're too confused!
You're too confused!
Unknown command.
You hear a zap.
A puff of flame appears from out of thin air!
Deactivating autopickup; reactivate with Ctrl-A.
The puff of flame hits you.
You die...

...........[.............
. ######.......###.###....
#.####### ### #.#.#
###.### ########.#.#
#.....####.....##.#.#
##..<....##.....##.#.#
#.........##.....##.#.#
#.#.......#.......{...#
#.#.......#....@.##.###
.................##.#####
##.##........#######.@.@.#
#. ####...#.###########.#
#...#.##..........#
#...####.........@# ##.##
#.$......### #. #........#
#. #........#


There were no monsters in sight!

Vanquished Creatures
  2 adders (D:2)
  An ooze (D:2)
  A dart slug (D:2)
  A leopard gecko (D:3)
  6 goblins
  A hobgoblin (D:1)
  3 jackals (D:2)
  2 kobolds
  A quokka (D:3)
  6 bats
  2 frilled lizards
  A quokka skeleton (D:3)
  4 rats
31 creatures vanquished.

Notes
Turn   | Place    | Note
-------+----------+-------------------------------------------
     0 | D:1      | misha the Minotaur Assassin began the quest for the Orb.
     0 | D:1      | Reached XP level 1. HP: 18/18 MP: 0/0
   399 | D:1      | Reached XP level 2. HP: 25/25 MP: 1/1
  2159 | D:1      | Paralysed by fainting for 5 turns
  2196 | D:1      | Paralysed by fainting for 7 turns
  2857 | D:2      | Reached skill level 4 in Stealth
  2888 | D:2      | Reached XP level 3. HP: 24/30 MP: 2/2
  3657 | D:3      | Noticed Sigmund
  3670 | D:3      | Found a shattered altar of Ashenzari.
  3689 | D:3      | Killed from afar by Sigmund

Skill      XL: |  1  2  3 |
---------------+----------+-----
Stealth        | 4 |  4.0
Short Blades   | 3 |  3.0
Fighting       | |  2.9
Throwing       | |  2.0
Dodging        | |  1.4

Action                   || total
-------------------------++-------
Melee: Dagger            ||    71
       Headbutt          ||     7
  Use: Scroll            ||     1
 Stab: Sleeping          ||     5
  Eat: Ration            ||     3
       Chunk             ||     1
Armor: Robe              ||    20
Dodge: Dodged            ||    65
